 Dungeon Crawl Stone Soup version 0.29-b1-12-g9e2288ab2a (webtiles) character file.

Game seed: 6946127500922315030

3181 voltaire321 the Chiller (level 9, -6/68 (69) HPs)
             Began as a Demonspawn Ice Elementalist on Aug 24, 2022.
             Was an Initiate of Sif Muna.
             Mangled by a two-headed ogre
             ... wielding a +0 giant spiked club
              (17 damage)
             ... on level 8 of the Dungeon.
             The game lasted 00:33:50 (8887 turns).

voltaire321 the Chiller (DsIE)                      Turns: 8887, Time: 00:33:50

HP:   -6/68 (69)    AC: 19    Str:  9    XL:     9   Next: 63%
MP:   13/17         EV: 17    Int: 20    God:    Sif Muna [......]
Gold: 378           SH:  0    Dex: 14    Spells: 2/19 levels left

rFire   . . .      SeeInvis .   j - +3 dagger (protect)
rCold   . . .      Faith    .   (no shield)
rNeg    . . .      Spirit   .   a - +0 robe
rPois   .          Reflect  .   (helmet restricted)
rElec   .          Harm     .   r - +1 cloak
rCorr   .          Rampage  .   (no gloves)
Will    .....                   c - +0 pair of boots
Stlth   ++........              (no amulet)
HPRegen 0.21/turn               o - +4 ring of slaying
MPRegen 0.30/turn               (no ring)

@: ice-armoured, under a protective aura, freezing walls, lightly drained
A: horns 2, repulsion field 2, demonic guardian 1, magic regeneration
a: Renounce Religion


You were on level 8 of the Dungeon.
You worshipped Sif Muna.
Sif Muna was noncommittal.
You visited 2 branches of the dungeon, and saw 9 of its levels.

You collected 378 gold pieces.

Inventory:

Hand Weapons
 e - a +3 dagger
 j - a +3 dagger of protection (weapon)
 s - a +0 rapier
Armour
 a - a +0 robe (worn)
 c - a +0 pair of boots (worn)
 r - a +1 cloak (worn)
Magical Staves
 g - a staff of conjuration
Jewellery
 o - a +4 ring of slaying (left hand)
Wands
 n - a wand of flame (21)
 w - a wand of roots (11)
Scrolls
 i - a scroll of magic mapping
 k - 4 scrolls of teleportation
 t - 2 scrolls of identify
Potions
 b - a potion of magic
 d - 3 potions of heal wounds
 f - a potion of cancellation
 h - 4 potions of curing
 l - 2 potions of invisibility
 m - a potion of brilliance
 q - 2 potions of haste
 v - a potion of mutation


   Skills:
 + Level 5.8 Fighting
 + Level 1.0 Armour
 + Level 5.7 Dodging
 - Level 1.7 Stealth
 + Level 5.8 Spellcasting
 - Level 5.0 Conjurations
 + Level 6.6 Ice Magic
 + Level 1.1 Air Magic
 + Level 3.5 Invocations


You had 2 spell levels left.
You knew the following spells:

 Your Spells              Type           Power      Damage    Failure   Level
a - Freeze                Ice            100%       1d11      1%          1
b - Magic Dart            Conj           100%       1d8       1%          1
c - Frozen Ramparts       Ice            64%        1d10      1%          3
d - Ozocubu's Armour      Ice            32%        N/A       1%          3
e - Hailstorm             Conj/Ice       29%        3d8       10%         4
f - Lightning Bolt        Conj/Air       9%         1d21      63%         5

Your spell library contained the following spells:

 Spells                   Type           Power      Damage    Failure   Level
 Ensorcelled Hibernation  Hex/Ice        38%        N/A       4%          2
 Summon Small Mammal      Summ           20%        N/A       11%         1
 Call Imp                 Summ           5%         N/A       16%         2
 Passwall                 Tmut/Erth      4%         N/A       16%         2
 Conjure Flame            Conj/Fire      15%        6-21      12%         3
 Dazzling Flash           Conj/Hex       30%        N/A       12%         3
 Mephitic Cloud           Conj/Pois/Air  14%        N/A       14%         3
 Swiftness                Air            10%        N/A       21%         3
 Call Canine Familiar     Summ           5%         N/A       32%         3
 Confusing Touch          Hex            5%         N/A       32%         3
 Ignite Poison            Fire/Tmut/Pois 5%         N/A       32%         3
 Summon Guardian Golem    Hex/Summ       5%         N/A       32%         3
 Sticky Flame             Conj/Fire      15%        2d4       36%         4
 Airstrike                Air            5%         2d(1-17)  54%         4
 Metabolic Englaciation   Hex/Ice        9%         N/A       58%         5
 Summon Lightning Spire   Summ/Air       8%         N/A       63%         4
 Petrify                  Tmut/Erth      5%         N/A       71%         4
 Silence                  Hex/Air        4%         N/A       93%         5
 Agony                    Necr           5%         N/A       96%         5
 Yara's Violent Unravell  Hex/Tmut       2%         3d3       96%         5
 Statue Form              Tmut/Erth      3%         N/A       100%        6
 Enfeeble                 Hex            2%         N/A       100%        7


Dungeon Overview and Level Annotations

Branches:
Dungeon (8/15)             Temple (1/1) D:7
   Lair: D:8-11

Altars:
Ashenzari
Cheibriados
Dithmenos
Fedhas
Gozag
Hepliaklqana
Kikubaaqudgha
Makhleb
Nemelex Xobeh
Okawaru
Qazlal
Ru
Sif Muna
Trog
Uskayaw
Vehumet
Wu Jian
Xom
Yredelemnul

Shops:
D:5 =

Annotations:
D:5 1 runed translucent door, Crazy Yiuf


Innate Abilities, Weirdness & Mutations

You have a pair of horns on your head.
You are surrounded by a moderate repulsion field. (EV +3)
A weak demonic guardian rushes to your aid.
You regenerate magic rapidly.


Message History

Press: ? - help, Dir - look around, f - activate The walls around you are covered in ice.
The wall freezes the orc!
You kill the orc!
Sif Muna accepts your kill.
The wall freezes the orc wizard.
The wall freezes the two-headed ogre!
The two-headed ogre closely misses you.
The two-headed ogre hits you with a +0 giant club!!
A demonic guardian appears!
You hit the two-headed ogre.
Your weapon exudes an aura of protection.
The two-headed ogre is moderately wounded.
An orc comes into view. It is wielding a +0 dagger.
The wall freezes the orc wizard but does no damage.
You hit the two-headed ogre. You headbutt the two-headed ogre.
The two-headed ogre is heavily wounded.
The wall freezes the two-headed ogre.
The two-headed ogre hits you with a +0 giant spiked club!
The two-headed ogre barely misses you.
The wall freezes the orc wizard but does no damage.
You hit the two-headed ogre.
The two-headed ogre is heavily wounded.
The wall freezes the orc wizard.
An orc comes into view. It is wielding a +0 hand axe.
The wall freezes the two-headed ogre!
The two-headed ogre completely misses you.
The two-headed ogre hits you with a +0 giant club!
* * * LOW HITPOINT WARNING * * *
You barely miss the two-headed ogre.
The orc shouts!
You headbutt the two-headed ogre!
The two-headed ogre is severely wounded.
The wall freezes the orc wizard!
You kill the orc wizard!
Sif Muna accepts your kill.
You hit the two-headed ogre.
The two-headed ogre is almost dead.
The wall freezes the two-headed ogre.
The two-headed ogre barely misses you.
The two-headed ogre hits you with a +0 giant club!
You die...

#######........#
#.....##.......# #.##...
.......#.......# #......
...>....)......# #....###
♣.....♣.######.# #......
........# #.# ###....# .
..♣.♣..#######.# #...o..###...
#..............###.........###
#..............5@O).o.).......
#.#............###########....
# ##............... .
##...........###
#............. #..........##.#
#..........# .# #..........# #


You could see a two-headed ogre (ally target), 2 orcs and a friendly iron imp
(summoned).

Vanquished Creatures
  Sigmund (D:5)
  A steam dragon (D:7)
  Edmund (D:5)
  A water moccasin (D:7)
  2 orc warriors
  3 sky beasts
  A black bear (D:7)
  A centaur (D:8)
  2 bullfrogs (D:8)
  A kobold brigand (D:7)
  A necrophage (D:5)
  12 wights (D:8)
  2 electric eels (D:6)
  2 hounds
  2 jellies
  2 gnoll boudas
  7 orc priests
  Jessica (D:2)
  7 orc wizards
  Ijyb (D:3)
  Natasha (thrice) (D:2)
  Terence (D:2)
  4 iguanas
  4 adders
  7 gnolls
  2 white imps
  2 ufetubi
  4 dart slugs
  2 worms
  31 orcs
  5 bats
  4 endoplasms
  4 giant cockroaches
  3 goblins
  4 hobgoblins
  4 jackals
  11 kobolds
  3 quokkas
  A ball python (D:3)
  2 frilled lizards
  5 rats
157 creatures vanquished.

Vanquished Creatures (collateral kills)
  An orc priest (D:8)
1 creature vanquished.

Vanquished Creatures (others)
  An orc (D:7)
  8 plants (D:6)
9 creatures vanquished.

Grand Total: 167 creatures vanquished

Notes
Turn   | Place    | Note
-------+----------+-------------------------------------------
     0 | D:1      | voltaire321 the Demonspawn Ice Elementalist began the quest
                  | for the Orb.
     0 | D:1      | Reached XP level 1. HP: 13/13 MP: 3/3
    15 | D:1      | Found a faded altar of an unknown god.
   211 | D:1      | Gained mutation: You are surrounded by a mild repulsion
                  | field. (EV +2) [demonic ancestry]
   211 | D:1      | Reached XP level 2. HP: 20/20 MP: 1/5
   370 | D:1      | Learned a level 1 spell: Magic Dart
   935 | D:2      | Noticed Natasha
   944 | D:2      | Killed Natasha
   945 | D:2      | Reached skill level 1 in Fighting
   945 | D:2      | Gained mutation: You have a pair of small horns on your
                  | head. [demonic ancestry]
   945 | D:2      | Reached XP level 3. HP: 3/26 MP: 0/6
  1279 | D:2      | Noticed Terence
  1286 | D:2      | Killed Terence
  1287 | D:2      | Reached skill level 1 in Conjurations
  1287 | D:2      | Reached skill level 4 in Ice Magic
  1287 | D:2      | Gained mutation: You are surrounded by a moderate repulsion
                  | field. (EV +3) [demonic ancestry]
  1287 | D:2      | Reached XP level 4. HP: 26/32 MP: 2/7
  1481 | D:2      | Noticed Natasha
  1489 | D:2      | Killed Natasha
  1548 | D:2      | Noticed Jessica
  1573 | D:2      | Killed Jessica
  1574 | D:2      | Reached XP level 5. HP: 19/38 MP: 0/9
  1575 | D:2      | Noticed Natasha
  1736 | D:2      | Killed Natasha
  1958 | D:2      | Learned a level 3 spell: Frozen Ramparts
  1962 | D:2      | Learned a level 3 spell: Ozocubu's Armour
  2762 | D:3      | Noticed Ijyb
  2776 | D:3      | Killed Ijyb
  3216 | D:4      | Reached XP level 6. HP: 45/45 MP: 10/10
  3223 | D:4      | Identified the +5 plate armour "Inouss" {Harm rF++}
  4051 | D:5      | Entered Level 5 of the Dungeon
  4183 | D:5      | Noticed an orc warrior
  4647 | D:5      | Killed an orc warrior
  4655 | D:4      | Gained mutation: You regenerate magic rapidly. [demonic
                  | ancestry]
  4655 | D:4      | Reached XP level 7. HP: 7/51 MP: 3/12
  4969 | D:5      | Found Laux's Jewellery Shop.
  5059 | D:5      | Found a runed translucent door.
  5060 | D:5      | Noticed Crazy Yiuf
  5108 | D:5      | Noticed Sigmund
  5117 | D:5      | Noticed Edmund
  5300 | D:5      | Reached skill level 5 in Ice Magic
  5664 | D:6      | Learned a level 4 spell: Hailstorm
  6159 | D:6      | Gained mutation: You have a pair of horns on your head.
                  | [demonic ancestry]
  6159 | D:6      | Reached XP level 8. HP: 60/60 MP: 14/14
  6318 | D:5      | Killed Edmund
  6588 | D:5      | Killed Sigmund
  7196 | D:7      | Reached skill level 5 in Spellcasting
  7230 | D:7      | Reached skill level 6 in Ice Magic
  7233 | D:7      | Reached skill level 5 in Dodging
  7317 | D:7      | Found a staircase to the Ecumenical Temple.
  7343 | D:7      | Found an ornate altar of the Wu Jian Council.
  7384 | Temple   | Entered the Ecumenical Temple
  7448 | Temple   | Became a worshipper of Sif Muna the Loreminder
  7507 | D:7      | Reached skill level 5 in Fighting
  7507 | D:7      | Reached skill level 5 in Conjurations
  7507 | D:7      | Gained mutation: A weak demonic guardian rushes to your
                  | aid. [demonic ancestry]
  7507 | D:7      | Reached XP level 9. HP: 57/68 MP: 13/16
  7594 | D:7      | Found a hazy altar of Hepliaklqana.
  7600 | D:7      | Found a snail-covered altar of Cheibriados.
  7600 | D:7      | Found a stormy altar of Qazlal.
  7601 | D:7      | Found a basalt altar of Yredelemnul.
  7660 | D:7      | Reached skill level 1 in Invocations
  7781 | D:7      | Found a broken altar of Ashenzari.
  8719 | D:8      | Learned a level 5 spell: Lightning Bolt
  8843 | D:8      | Reached skill level 1 in Air Magic
  8873 | D:8      | Reached skill level 1 in Armour
  8873 | D:8      | Noticed a two-headed ogre
  8887 | D:8      | Mangled by a two-headed ogre

Illustrated notes

Levels and vault maps discovered:
D:1:      nzn_arrival_crosshair, layout_basic, basic_ecumenical_altar,
          corexii_item_surrounded_by_moat
D:2:      layout_rooms, uniq_natasha, uniq_jessica, uniq_terence
D:3:      layout_loops_ring, kennysheep_generic_room_13, uniq_ijyb
D:4:      layout_loops_corners
D:5:      layout_basic, serial_shops, nicolae_shop_behind_doors,
          sigmund_edmund_badplayer, uniq_crazy_yiuf_cottage
D:6:      layout_cave_pools, serial_bayou, serial_bayou_pond_d,
          serial_bayou_pond_c, serial_bayou_lagoon_a, serial_bayou_pond_c
D:7:      layout_rooms, minitemple, nzn_wu_jian_contemplation,
          mainiacjoe_overflow_two_lobes, minmay_temple_entry_proselytizer
D:8:      layout_basic, grunt_ministairs_9, grunt_decor_fettered,
          kennysheep_crisscross
Temple:   eino_temple_lava

Skill      XL: |  1  2  3  4  5  6  7  8  9 |
---------------+----------------------------+-----
Dodging        | 2 3 4 5 |  5.7
Fighting       | 1 2 3 5 |  5.8
Conjurations   | 1 2 3 5 |  5.0
Ice Magic      | 4 5 6 |  6.6
Spellcasting   | 3 4 5 |  5.8
Invocations    | 3 |  3.5
Air Magic      | 1 |  1.1
Armour         | 1 |  1.0
Stealth        | |  1.7

Action                   |  1- 3 |  4- 6 |  7- 9 || total
-------------------------+-------+-------+-------++-------
Melee: Short sword       |     4 |    13 |       ||    17
       Headbutt          |       |    28 |    51 ||    79
       Punch             |       |     1 |     1 ||     2
       Dagger            |       |   142 |   227 ||   369
 Cast: Freeze            |    38 |    41 |     3 ||    82
       Magic Dart        |       |    12 |     8 ||    20
       Frozen Ramparts   |       |     3 |    25 ||    28
       Ozocubu's Armour  |       |     2 |    10 ||    12
Evoke: Wand              |       |       |     2 ||     2
  Use: Scroll            |       |     8 |     5 ||    13
       Potion            |       |       |     1 ||     1
 Stab: Sleeping          |       |     6 |     1 ||     7
       Distracted        |       |       |     1 ||     1
Armor: Robe              |     7 |    34 |    55 ||    96
Dodge: Dodged            |    27 |   120 |   178 ||   325
